 Dungeon Crawl Stone Soup version 0.19.1 (webtiles) character file.

109 davidrosshaw the Covered (level 5, -3/37 HPs)
             Began as a Human Wanderer on Dec 26, 2016.
             Slain by an ice beast (12 damage)
             ... on level 3 of the Dungeon.
             The game lasted 00:15:09 (2063 turns).

davidrosshaw the Covered (Human Wanderer)           Turns: 2063, Time: 00:15:15

Health: -3/37      AC:  9    Str: 13    XL:     5   Next: 13%
Magic:  5/5        EV: 13    Int: 13    God:
Gold:   84         SH:  0    Dex: 12    Spells: 0 memorised, 4 levels left

rFire  . . .     SeeInvis +     b - +1 mace
rCold  . . .     Gourm    .     a - +2 scale mail
rNeg   . . .     Faith    .     (no shield)
rPois  .         Spirit   .     (no helmet)
rElec  .         Reflect  .     (no cloak)
rCorr  .         Harm     .     (no gloves)
MR     .....                    (no boots)
Stlth  ..........               (no amulet)
                                n - ring of see invisible
                                g - +4 ring of evasion

@: no status effects
A: no striking features
a: no special abilities


You were on level 3 of the Dungeon.
You were very hungry.

You visited 1 branch of the dungeon, and saw 3 of its levels.

You collected 84 gold pieces.

Inventory:

Hand Weapons
 b - a +1 mace (weapon)
Armour
 a - a +2 scale mail (worn)
 e - a +0 ring mail
 s - a +1 chain mail of cold resistance
Jewellery
 g - a +4 ring of evasion (left hand)
 n - a ring of see invisible (right hand)
 v - an uncursed ring of positive energy
Scrolls
 t - 2 scrolls of magic mapping
Potions
 i - a potion of mutation
 k - a potion of flight {unknown}
 l - a potion of berserk rage {unknown}
 m - 2 potions of curing {unknown}
 o - a potion of cancellation {unknown}
 p - a potion of agility {unknown}
 q - a potion of might {unknown}
 u - a potion of brilliance {unknown}
 w - a potion of degeneration
Comestibles
 d - a bread ration
 f - a meat ration
 j - a royal jelly
 r - a beef jerky


   Skills:
 + Level 1.4 Fighting
   Level 1.0(1.6) Axes
 + Level 2.1(2.2) Maces & Flails
   Level 1.0 Crossbows
 + Level 1.0 Throwing
 + Level 6.0 Armour
 + Level 1.1 Dodging
 - Level 1.0 Stealth


You had 4 spell levels left.
You didn't know any spells.

Dungeon Overview and Level Annotations

Branches:
Dungeon (3/15)

Altars:

Annotations:
D:2 Natasha, Sigmund
D:3 Robin


Message History

You are too injured to fight recklessly!
As you read the scroll labeled DIMPA JATH, it crumbles to dust.
It is a scroll of enchant weapon.
Your +0 mace glows red for a moment.
Robin misses you.
The ice beast hits you but does no damage.
The goblin hits you but does no damage.
You are too injured to fight recklessly!
You are too injured to fight recklessly!
You are too injured to fight recklessly!
You are too injured to fight recklessly!
You are too injured to fight recklessly!
You are too injured to fight recklessly!
You hit the ice beast but do no damage.
The ice beast is heavily wounded.
Robin hits you from afar with a spear.
* * * LOW HITPOINT WARNING * * *
The ice beast hits you.
* * * LOW HITPOINT WARNING * * *
The ice beast freezes you!
You die...

##.##### #......#
#..###.# #..###.#
#### #....#.# ..#
#.##.#.# ## #.#
#.##.#.# gg
###g####......# #g
#...Y@g.....###
###..#.#.#########
.......#.#
#.g.gg.# ##.#####


You could see an ice beast, Robin and a goblin.

Vanquished Creatures
  Terence (D:2)
  3 oozes
  A worm (D:2)
  2 dart slugs (D:1)
  7 leopard geckos
  2 ball pythons
  3 giant cockroaches
  13 goblins
  6 hobgoblins
  2 bats
  3 frilled lizards
  4 kobolds
  6 rats
53 creatures vanquished.

Notes
Turn   | Place    | Note
-------+----------+-------------------------------------------
     0 | D:1      | davidrosshaw the Human Wanderer began the quest for the Orb.
     0 | D:1      | davidrosshaw set off with: a +2 scale mail, a +0 mace, a scroll of teleportation, a bread ration
     0 | D:1      | Reached XP level 1. HP: 15/15 MP: 1/1
   148 | D:1      | Reached XP level 2. HP: 20/21 MP: 2/2
   481 | D:1      | Reached XP level 3. HP: 25/26 MP: 3/3
  1235 | D:2      | Reached skill level 1 in Maces & Flails
  1437 | D:2      | Reached XP level 4. HP: 32/32 MP: 4/4
  1532 | D:2      | Noticed Terence
  1553 | D:2      | Killed Terence
  1936 | D:2      | Noticed Natasha
  1936 | D:2      | Noticed Sigmund
  2018 | D:3      | Noticed Robin
  2025 | D:3      | Reached skill level 1 in Dodging
  2025 | D:3      | Reached XP level 5. HP: 37/37 MP: 5/5
  2039 | D:3      | Reached skill level 6 in Armour
  2042 | D:3      | Noticed an ice beast
  2063 | D:3      | Slain by an ice beast

Skill      XL: |  1  2  3  4  5 |
---------------+----------------+-----
Maces & Flails | 1 2 |  2.1
Dodging        | 1 |  1.1
Armour         | 6 |  6.0
Fighting       | |  1.4
Axes           | |  1.0
Crossbows      | |  1.0
Throwing       | |  1.0
Stealth        | |  1.0

Action                   |  1- 3 |  4- 6 || total
-------------------------+-------+-------++-------
Melee: Mace              |   136 |   102 ||   238
  Use: Scroll            |     5 |     3 ||     8
       Potion            |       |     1 ||     1
  Eat: Chunk             |     2 |     1 ||     3
Armor: Scale mail        |    66 |    70 ||   136
Dodge: Dodged            |   121 |   108 ||   229
